AoeStats
← JamesNewstedd

Golden Pit

509583921Analyzed
1v1 RM · 4d ago on Sep 27, 2026· 26m 49s· 2 players
Game mode
Random Map
Map size
Tiny (2 player)
Population
200
Speed
Normal
Resources
Standard
Victory
Conquest
Starting age
Dark Age
Ending age
Imperial Age
RankedLock teamsTeams togetherTeam positionsShared explorationLock speedFull tech treeHidden civsTurbo modeCheats
Victory
Defeat
🇨🇭 Poles · Switzerland
1802
+15
🇩🇪 Ethiopians · Germany
1784
-15
JamesNewstedd
9:23 Loom
11:38 Feudal Age
13:39 Double-Bit Axe
16:13 Castle Age
17:09 Bow Saw
17:04 Horse Collar
19:07 Wheelbarrow
23:27 Stone Mining
Wingardium Leviosa
6:25 Loom
8:43 Feudal Age
9:19 Double-Bit Axe
9:17 Horse Collar
17:50 Castle Age
16:40 Forging
16:57 Bloodlines
17:25 Scale Barding Armor
17:54 Light Cavalry
19:05 Chain Barding Armor
19:34 Heavy Plow
20:28 Bow Saw
27:52 Iron Casting
Connection lost

Rejoining the realm…

Still unreachable

The connection could not be restored.

Session expired

The server has moved on; the page needs a fresh start.